 Dungeon Sprint DCSS version 0.24-a0-132-ge4b1dce (webtiles) character file.

Game seed: 14216869508135882336

74 galech the Skirmisher (level 4, 0/38 HPs)
             Began as a Demonspawn Fighter on Feb 27, 2019.
             Slain by an ice beast (11 damage)
             ... in the Dungeon (Sprint IX: "|||||||||||||||||||||||||||||").
             The game lasted 00:00:23 (137 turns).

galech the Skirmisher (Demonspawn Fighter)           Turns: 137, Time: 00:00:24

Health: 0/38       AC:  7    Str: 16    XL:     4   Next: 9%
Magic:  4/4        EV:  8    Int:  9    God:
Gold:   0          SH: 10    Dex: 18    Spells: 3/3 levels left

rFire    . . .     SeeInvis .   a - +0 flail
rCold    . . .     Gourm    .   c - +0 shield
rNeg     . . .     Faith    .   b - +0 scale mail
rPois    .         Spirit   .   (no helmet)
rElec    .         Reflect  .   (no cloak)
rCorr    .         Harm     .   (no gloves)
MR       .....     NoTele   +   (no boots)
Stlth    +.........             (no amulet)
HPRegen  0.12/turn              (no ring)
MPRegen  0.09/turn              (no ring)

@: no status effects
A: hooves 1, thin skeletal structure 2
a: no special abilities


You were in the Dungeon.
You were not hungry.

You visited 1 branch

Inventory:

Hand Weapons
 a - a +0 flail (weapon)
Armour
 b - a +0 scale mail (worn)
 c - a +0 shield (worn)
Scrolls
 k - a scroll of blinking
Potions
 d - a potion of might
 e - a potion of curing
 g - a potion of heal wounds
 h - a potion of haste
 i - 2 potions of magic
 j - a potion of berserk rage
Comestibles
 f - a ration
 l - 4 chunks of flesh


   Skills:
 + Level 4.7 Fighting
 + Level 3.4 Maces & Flails
 + Level 4.5 Armour
 + Level 1.6 Dodging
 + Level 4.6 Shields


You had 3 spell levels left.
You didn't know any spells.
Your spell library was empty.

Dungeon Overview and Level Annotations

Branches:
Dungeon (1/1)

Altars:


Innate Abilities, Weirdness & Mutations

You have large cloven feet.
You have a moderately thin skeletal structure. (Dex +4, Stealth+)


Message History

You sock the hound! Your kick misses the hound.
The hound is severely wounded.
You block the hound's attack. The hound bites you.
You hit the hound. You kick the hound.
You kill the hound!
Your Maces & Flails skill increases to level 3!
You have reached level 4!
You feel agile.
Your demonic ancestry asserts itself...
Your bones become somewhat less dense.
You completely miss the ice beast. The ice beast barely misses you.
You hit the ice beast. Your kick misses the ice beast.
The ice beast is lightly wounded.
The ice beast hits you but does no damage.
You block the ice beast's attack.
You closely miss the ice beast. Your kick misses the ice beast.
The ice beast is lightly wounded.
The ice beast hits you.
* * * LOW HITPOINT WARNING * * *
The ice beast freezes you!
You die...

▓.▓
▓.▓
▓.▓
▓)▓
▓.▓
▓.▓
▓.▓
▓)▓
▓@▓
▓Y▓
▓.▓
▓.▓
▓.▓
▓.▓
▓.▓
▓+▓


You could see an ice beast.

Vanquished Creatures
  A hound (D)
  An orc wizard (D)
  A shadow imp (D)
  A bat (D)
  A bat skeleton (D)
  2 goblins (D)
  A hobgoblin (D)
  A rat (D)
9 creatures vanquished.

Notes
Turn   | Place    | Note
-------+----------+-------------------------------------------
     0 | D        | galech the Demonspawn Fighter began the quest for the Orb.
     0 | D        | Reached XP level 1. HP: 18/18 MP: 1/1
   113 | D        | Noticed an orc wizard
   113 | D        | Noticed a hound
   113 | D        | Noticed an ice beast
   120 | D        | Gained mutation: You have large cloven feet. [demonic
                  | ancestry]
   120 | D        | Reached XP level 2. HP: 17/25 MP: 2/2
   124 | D        | Reached skill level 1 in Dodging
   124 | D        | Gained mutation: You have a somewhat thin skeletal
                  | structure. (Dex +2, Stealth) [demonic ancestry]
   124 | D        | Reached XP level 3. HP: 19/31 MP: 3/3
   134 | D        | Gained mutation: You have a moderately thin skeletal
                  | structure. (Dex +4, Stealth+) [demonic ancestry]
   134 | D        | Reached XP level 4. HP: 14/38 MP: 4/4
   137 | D        | Slain by an ice beast

Levels and vault maps discovered:
D:        linesprint [early_d, line_temple, items_1, d_10, items_2, lair_1,
          lair_end, items_3, orc_1, orc_end, items_4, d_15, swamp_1, shoals_1,
          snake_1, spider_1, d_20, vaults_1, items_5, swamp_end, shoals_end,
          snake_end, spider_end, vaults_end, d_27, items_6, zot_1, zot_end,
          crypt_end, forest_end, elf_end, slime_end, tomb_end, abyss_end,
          pan_hell_end]

Skill      XL: |  1  2  3 |
---------------+----------+-----
Armour         | 3 4 |  4.5
Shields        | 3 4 |  4.6
Maces & Flails | 2 3 |  3.4
Fighting       | 4 |  4.7
Dodging        | 1 |  1.6

Action                   |  1- 3 |  4- 6 || total
-------------------------+-------+-------++-------
Melee: Flail             |    46 |     3 ||    49
       Kick              |     5 |       ||     5
Armor: Scale mail        |    43 |     1 ||    44
Dodge: Dodged            |    28 |     1 ||    29
Block: Shield            |    36 |     1 ||    37

Table legend:
 A = Non-vault XP
 B = Vault XP
 C = Vault XP percentage of total XP
 D = Non-vault monster count
 E = Vault monster count
 F = Vault count percentage of total count
                 A         B        C        D         E       F
            +---------+---------+-------+---------+---------+-------
      Total |       0 |     106 | 100.0 |       0 |       9 | 100.0
            +---------+---------+-------+---------+---------+-------
          D |       0 |     106 | 100.0 |       0 |       9 | 100.0
            +---------+---------+-------+---------+---------+-------
